 Dungeon Crawl Stone Soup version 0.30-a0-135-g630cfc4551 (webtiles) character file.

Game seed: 16478852070427908871

4 IdlyInterested the Stinger (level 1, -1/15 HPs)
             Began as a Demonspawn Wanderer on Sept 20, 2022.
             Slain by a kobold
             ... wielding a +0 dagger
              (3 damage)
             ... on level 1 of the Dungeon.
             The game lasted 00:01:23 (60 turns).

IdlyInterested the Stinger (Demonspawn Wanderer)      Turns: 60, Time: 00:01:24

Health: -1/15      AC:  2    Str:  9    XL:     1   Next: 58%
Magic:  1/3        EV: 11    Int: 15    God:
Gold:   0          SH:  0    Dex: 13    Spells: 3/4 levels left

rFire   . . .      SeeInvis .    a - +0 dagger
rCold   . . .      Faith    .    (no shield)
rNeg    . . .      Spirit   .    c - +0 robe
rPois   .          Reflect  .    (no helmet)
rElec   .          Harm     .    (no cloak)
rCorr   .          Rampage  .    (no gloves)
Will    .....                    (no boots)
Stlth   +.........               (no amulet)
HPRegen 0.05/turn                (no ring)
MPRegen 0.08/turn                (no ring)

@: no status effects
A: no striking features
a: no special abilities


You were on level 1 of the Dungeon.
You visited 1 branch of the dungeon, and saw 1 of its levels.

Inventory:

Hand Weapons
 a - a +0 dagger (weapon)
Armour
 c - a +0 robe (worn)
Scrolls
 b - a scroll of fear
Potions
 d - a potion of attraction


   Skills:
 * Level 1.4 Fighting
 - Level 1.0 Armour
 + Level 0.4 Stealth
 - Level 2.0 Spellcasting
 - Level 1.0 Translocations
 - Level 5.0 Poison Magic


You had 3 spell levels left.
You knew the following spells:

 Your Spells              Type           Power      Damage    Failure   Level
a - Sting                 Tmut/Pois      36%        1d4       8%          1

Your spell library contained the following spells:

 Spells                   Type           Power      Damage    Failure   Level
 Apportation              Tloc           8%         N/A       14%         1
 Ignite Poison            Fire/Tmut/Pois 6%         N/A       34%         3
 Lesser Beckoning         Tloc           4%         N/A       41%         3
 Olgreb's Toxic Radiance  Pois           16%        N/A       28%         4


Dungeon Overview and Level Annotations

Branches:
Dungeon (1/15)

Altars:


Message History

You see here a deep dwarf skeleton.
You see here a deep dwarf skeleton.
A rat comes into view.
Your magical contamination has completely faded away.
A giant cockroach comes into view.
The goblin hits you with a +0 dagger. The goblin attacks as you move away!
The goblin closely misses you. The kobold misses you.
The rat attacks as you move away! The rat bites you.
You barely miss the rat. The rat misses you.
You hit the rat.
The rat is heavily wounded.
The rat bites you but does no damage.
You barely miss the rat.
The rat is heavily wounded.
The rat bites you.
You closely miss the rat.
The rat is heavily wounded.
The rat closely misses you.
You hit the rat.
You kill the rat!
Aiming: Sting (safe; 8% risk of failure)
Press: ? - help, Q - select action Shift-Dir - straight line, f/p - goblin
Aim: a goblin, wielding a +0 dagger (60% to hit)
The sting hits the goblin.
The goblin is poisoned.
The goblin is moderately wounded.
The goblin hits you with a +0 dagger.
You hit the goblin.
You kill the goblin!
You closely miss the kobold. The kobold hits you with a +0 dagger.
You closely miss the kobold. The kobold hits you with a +0 dagger.
* * * LOW HITPOINT WARNING * * *
You hit the kobold.
The kobold is moderately wounded.
The kobold hits you with a +0 dagger.
* * * LOW HITPOINT WARNING * * *
You completely miss the kobold.
The kobold is moderately wounded.
The kobold hits you with a +0 dagger.
You die...

##### ###<..#
#..÷..## ##
##......# .##
#.(÷....##
.÷###...##...#####
#......###.÷.....#
#÷....## ##......#
......# #...##@#
.###### ##...##K#
## #...K...#
#........#
#..####### #..
#... #B## ..


You could see a kobold.

Vanquished Creatures
  2 goblins (D:1)
  2 frilled lizards (D:1)
  A rat (D:1)
5 creatures vanquished.

Notes
Turn   | Place    | Note
-------+----------+-------------------------------------------
     0 | D:1      | IdlyInterested the Demonspawn Wanderer began the quest for
                  | the Orb.
     0 | D:1      | IdlyInterested set off with the following items: a +0
                  | dagger, a scroll of fear, a +0 robe, a potion of
                  | attraction; and the following spells available to memorise:
                  | Sting, Apportation, Olgreb's Toxic Radiance, Ignite Poison,
                  | Lesser Beckoning.
     0 | D:1      | Reached XP level 1. HP: 15/15 MP: 3/3
     6 | D:1      | Learned a level 1 spell: Sting
    60 | D:1      | Slain by a kobold

Illustrated notes

Levels and vault maps discovered:
D:1:      amcnicky_arrival_wind_blow, layout_basic

Action                   || total
-------------------------++-------
Melee: Dagger            ||    10
 Cast: Sting             ||     4
Armor: Robe              ||     1
Dodge: Dodged            ||     4

Table legend: (Time is in decaauts)
 A = Elapsed time spent in this place.
 B = Non-inter-level travel time spent in this place.
 C = Inter-level travel time spent in this place.
 D = Time resting spent in this place.
 E = Time spent auto-exploring this place.
 F = Levels seen in this place.
 G = Mean time per level.
                   A        B        C        D        E       F      G
               +--------+--------+--------+--------+--------+-----+--------+
         Total |     60 |     60 |      0 |      0 |     12 |   1 |   60.0 |
       Dungeon |     60 |     60 |      0 |      0 |     12 |   1 |   60.0 |
               +--------+--------+--------+--------+--------+-----+--------+

Top non-repeatable levels by time:
     D:1: 60 daAuts
